 Dungeon Crawl Stone Soup version 0.28-a0-816-gb054d885db (webtiles) character file.

Game seed: 3492269831479180855

2 cheechan the Sneak (level 1, 0/21 HPs)
             Began as a Naga Monk on Nov 8, 2021.
             Slain by a quokka (3 damage)
             ... on level 1 of the Dungeon.
             The game lasted 00:00:16 (58 turns).

cheechan the Sneak (Naga Monk)                        Turns: 58, Time: 00:00:17

Health: 0/21       AC:  1    Str: 13    XL:     1   Next: 30%
Magic:  1/1        EV: 10    Int: 10    God:
Gold:   0          SH:  0    Dex: 13    Spells: 0/0 levels left

rFire   . . .      SeeInvis +   a - +0 hand axe
rCold   . . .      Faith    .   (no shield)
rNeg    . . .      Spirit   .   b - +0 robe
rPois   +          Reflect  .   (no helmet)
rElec   .          Harm     .   (no cloak)
rCorr   .          Rampage  .   (no gloves)
Will    .....                   (no barding)
Stlth   ++........              (no amulet)
HPRegen 0.07/turn               (no ring)
MPRegen 0.07/turn               (no ring)

@: very slow
A: AC +0, large, see invisible, deformed body, poison resistance, slowness 2,
spit poison 1, naga tail 1
a: Spit Poison


You were on level 1 of the Dungeon.
You visited 1 branch of the dungeon, and saw 1 of its levels.

Inventory:

Hand Weapons
 a - a +0 hand axe (weapon)
Armour
 b - a +0 robe (worn)


   Skills:
 + Level 3.0 Fighting
 + Level 3.0 Axes
 + Level 2.4 Dodging
 + Level 3.0 Stealth


You couldn't memorise any spells.
You didn't know any spells.
Your spell library was empty.

Dungeon Overview and Level Annotations

Branches:
Dungeon (1/15)

Altars:


Innate Abilities, Weirdness & Mutations

Your serpentine skin is tough. (AC +0)
You have supernaturally acute eyesight. (SInv)
Armour fits poorly on your strangely shaped body.
Your system is resistant to poisons. (rPois)
You cover ground very slowly.
You can spit poison.
You have a snake-like lower body.


Message History

There is a large open door here.
Found 17 gold pieces.
A frilled lizard comes into view.
A kobold comes into view. It is wielding a +0 short sword.
The kobold shouts!
You hear a shout!
A goblin comes into view. It is wielding a +2 dagger of draining.
You hear an angry hiss. x2
Abil: Spit Poison
Press: ? - help, Q - select action Shift-Dir - straight line, f - goblin
Aim: a goblin, wielding a +2 dagger of draining The splash of poison hits the goblin.
The goblin is poisoned.
You kill the goblin!
A quokka comes into view.
The kobold hits you with a +0 short sword.
You closely miss the kobold. The kobold closely misses you.
You barely miss the kobold.
You have got your breath back.
The kobold hits you with a +0 short sword.
The frilled lizard closely misses you.
You barely miss the frilled lizard. You hit the kobold.
You kill the kobold!
The frilled lizard bites you.
You barely miss the frilled lizard.
The frilled lizard hisses.
The frilled lizard bites you. The quokka closely misses you.
You miss the frilled lizard. You hit the quokka. The frilled lizard bites you.
The quokka closely misses you.
A ball python comes into view.
You closely miss the quokka.
The quokka is almost dead.
You miss the frilled lizard.
The quokka bites you but does no damage.
The frilled lizard bites you.
* * * LOW HITPOINT WARNING * * *
You closely miss the quokka.
The quokka is almost dead.
You closely miss the frilled lizard. The quokka bites you.
* * * LOW HITPOINT WARNING * * *
The frilled lizard closely misses you. The quokka bites you.
You die...

#≈≈≈....#
###≈≈...#.###
#####⌠#≈........
##≈.'..#....#...#
#≈≈.#..#...#≈.#.####
#≈≈.####.#.#≈≈#....#
#≈...#......#≈≈..#
#≈<..'......#@)S.#
#≈...'......rl##.#
#≈...#....≈#.$#
#≈≈.####..##≈).#
#≈≈.#..#..#≈≈#...
##≈.'..#....≈#..##
#####⌠#≈....≈..#
###≈≈......# #≈≈≈.##
.#


You could see a quokka, a ball python and a frilled lizard.

Vanquished Creatures
  A goblin (D:1)
  A kobold (D:1)
2 creatures vanquished.

Notes
Turn   | Place    | Note
-------+----------+-------------------------------------------
     0 | D:1      | cheechan the Naga Monk began the quest for the Orb.
     0 | D:1      | Reached XP level 1. HP: 21/21 MP: 1/1
    58 | D:1      | Slain by a quokka

Illustrated notes

Levels and vault maps discovered:
D:1:      denvon_arrival_waterhouse, layout_basic

Action                   || total
-------------------------++-------
Melee: Hand axe          ||     7
 Abil: Spit Poison       ||     1
Armor: Robe              ||     1
Dodge: Dodged            ||     5

Table legend: (Time is in decaauts)
 A = Elapsed time spent in this place.
 B = Non-inter-level travel time spent in this place.
 C = Inter-level travel time spent in this place.
 D = Time resting spent in this place.
 E = Time spent auto-exploring this place.
 F = Levels seen in this place.
 G = Mean time per level.
                   A        B        C        D        E       F      G
               +--------+--------+--------+--------+--------+-----+--------+
         Total |     78 |     78 |      0 |      0 |      0 |   1 |   78.0 |
       Dungeon |     78 |     78 |      0 |      0 |      0 |   1 |   78.0 |
               +--------+--------+--------+--------+--------+-----+--------+

Top non-repeatable levels by time:
     D:1: 78 daAuts
